 Dungeon Crawl Stone Soup version 0.20-b1 (webtiles) character file.

137 Gorglomux the Skirmisher (level 5, -1/46 HPs)
             Began as a Hill Orc Necromancer on May 19, 2017.
             Slain by Sigmund
             ... wielding a +0 scythe
              (14 damage)
             ... on level 3 of the Dungeon.
             The game lasted 00:03:14 (3184 turns).

Gorglomux the Skirmisher (Hill Orc Necromancer)     Turns: 3184, Time: 00:03:14

Health: -1/46      AC:  2    Str: 12    XL:     5   Next: 20%
Magic:  7/7        EV: 12    Int: 15    God:
Gold:   91         SH:  0    Dex: 11    Spells: 6/7 levels left

rFire    . . .     SeeInvis .   u - +0 war axe
rCold    . . .     Gourm    .   (no shield)
rNeg     . . .     Faith    .   a - +0 robe
rPois    .         Spirit   .   (no helmet)
rElec    .         Reflect  .   (no cloak)
rCorr    .         Harm     .   (no gloves)
MR       .....                  (no boots)
Stlth    ++........             (no amulet)
Regen    0.2/turn               (no ring)
MPRegen  0.1/turn               (no ring)

@: very slightly contaminated
A: no striking features
a: no special abilities


You were on level 3 of the Dungeon.
You were hungry.

You visited 1 branch of the dungeon, and saw 3 of its levels.

You collected 91 gold pieces.

Inventory:

Hand Weapons
 g - a +0 dagger
   (You took it off a kobold on level 1 of the Dungeon)
 o - a +0 hand axe
   (You found it on level 2 of the Dungeon)
 u - a +0 war axe (weapon)
   (You took it off an orc on level 3 of the Dungeon)
Missiles
 j - 3 curare-tipped needles
Armour
 a - a +0 robe (worn)
Wands
 s - a wand of disintegration (20/24)
   (You found it on level 3 of the Dungeon)
Scrolls
 e - a scroll of enchant weapon {unknown}
 f - 4 scrolls of teleportation {unknown}
 n - a scroll of amnesia {unknown}
 p - a scroll of fog {unknown}
 q - a scroll of immolation {unknown}
 r - 4 scrolls of identify {unknown}
 t - 3 scrolls of remove curse {unknown}
Potions
 h - a potion of ambrosia {unknown}
 k - a potion of invisibility
 m - a potion of haste {unknown}
 v - a potion of agility {unknown}
 w - a potion of resistance
Books
 b - a book of Necromancy
Comestibles
 c - 3 bread rations {@e1}
 d - 8 fruits
 l - a royal jelly


   Skills:
 + Level 4.2 Fighting
 * Level 3.8 Axes
 - Level 1.5 Dodging
 - Level 1.5 Stealth
 - Level 1.5 Spellcasting
 - Level 4.0 Necromancy


You had 6 spell levels left.
You knew the following spells:

 Your Spells              Type           Power        Failure   Level  Hunger
a - Pain                  Necr           ##..         4%          1    ##.....


Dungeon Overview and Level Annotations

Branches:
Dungeon (3/15)

Altars:

Annotations:
D:3 1 runed door, Sigmund


Message History

Unknown command.
You can't see any susceptible monsters within range! (Use Z to cast anyway.) Unknown command.
w - a potion of resistance
r - 3 scrolls labeled ZIBLECW SEOCAR (gained 1)
You now have 79 gold pieces (gained 12).
Things that are here:
a flail; 23 stones No target in view!
Unknown command.
f - 4 scrolls labeled ZABBOENNUT (gained 1)
A hobgoblin comes into view.
Unknown command.
A hobgoblin is nearby!
Unknown command.
A hobgoblin is nearby!
You can't see any susceptible monsters within range! (Use Z to cast anyway.)
A hobgoblin is nearby!
Things that are here:
a flail; 23 stones Unknown command.
You can't see any susceptible monsters within range! (Use Z to cast anyway.)
You can't see any susceptible monsters within range! (Use Z to cast anyway.)
A hobgoblin is nearby!
Unknown command.
Unknown command.
The hobgoblin hits you but does no damage.
Aim: a hobgoblin (chance to defeat MR: 83%)
The hobgoblin writhes in agony!
The hobgoblin hits you but does no damage.
Aim: a hobgoblin (moderately wounded, chance to defeat MR: 83%)
The hobgoblin writhes in agony!
You kill the hobgoblin!
You can't see any susceptible monsters within range! (Use Z to cast anyway.)
You now have 91 gold pieces (gained 12).
You see here a mace.
You see here a mace.
You see here a mace.
Found a stone staircase leading down and a stone staircase leading up.
Unknown command.
You can't see any susceptible monsters within range! (Use Z to cast anyway.)
r - 4 scrolls labeled ZIBLECW SEOCAR (gained 1)
A frilled lizard comes into view.
Unknown command.
Unknown command.
A frilled lizard is nearby!
Aim: a frilled lizard (resting, chance to defeat MR: 83%)
The frilled lizard writhes in agony!
Aim: a frilled lizard (heavily wounded, chance to defeat MR: 83%)
The frilled lizard writhes in agony!
You kill the frilled lizard!
You can't see any susceptible monsters within range! (Use Z to cast anyway.) Unknown command.
You are feeling hungry.
No target in view!
Unknown command.
Sigmund the Dreaded comes into view.
He is wielding a scythe.
Sigmund is nearby!
Unknown command.
Aim: Sigmund, wielding a scythe and wearing a robe (resting, chance to defeat MR: 77%) Sigmund shouts!
Sigmund writhes in agony!
Sigmund casts a spell at you. The puff of flame hits you!
Sigmund barely misses you.
Unknown command.
It was a potion of invisibility.
You fade into invisibility!
Sigmund misses you.
You are very lightly contaminated with residual magic.
Okay, then.
You catch the helpless Sigmund completely off-guard!
You slash Sigmund! Sigmund hits you with a scythe!
You hit Sigmund but do no damage. Sigmund hits you but does no damage.
You strike the helpless Sigmund from behind!
You hit Sigmund. Sigmund closely misses you.
You closely miss Sigmund. Sigmund closely misses you.
You hit Sigmund. Sigmund misses you.
You hit Sigmund. Sigmund casts a spell at you. The puff of flame misses you.
You completely miss Sigmund.
You flicker for a moment.
Sigmund barely misses you.
You barely miss Sigmund. Sigmund hits you with a scythe!
You closely miss Sigmund.
You catch the helpless Sigmund completely off-guard!
You slash Sigmund!
You flicker back into view.
Sigmund shouts!
Sigmund points at you and mumbles some strange words.
The magic dart hits you!
* * * LOW HITPOINT WARNING * * *
Sigmund barely misses you.
You hit Sigmund but do no damage.
Sigmund casts a spell.
Sigmund flickers and vanishes!
Deactivating autopickup; reactivate with Ctrl-A.
It was a potion of curing.
You feel better. Something hits you!
You die...

#+# ♣.♣ .♣♣ .♣ ♣♣ .♣♣
.)♣♣ .))♣
############ ...#
......{@...#
..###########.#####.#
............#.# #.#
#.............# #.#
..#########.#.# #.#
..# #.#.#####.#####
#.# #>#...........##
..# #.#.######.....#
###
###............†.#


There were no monsters in sight!

Vanquished Creatures
  An orc priest (D:3)
  An orc wizard (D:3)
  An adder (D:2)
  A worm (D:2)
  4 dart slugs
  A leopard gecko (D:1)
  8 orcs (D:3)
  7 hobgoblins
  4 jackals (D:2)
  A quokka (D:2)
  2 bats (D:1)
  9 frilled lizards
  3 goblins
  5 kobolds
  6 rats
54 creatures vanquished.

Notes
Turn   | Place    | Note
-------+----------+-------------------------------------------
     0 | D:1      | Gorglomux the Hill Orc Necromancer began the quest for the Orb.
     0 | D:1      | Reached XP level 1. HP: 14/14 MP: 3/3
    27 | D:1      | Reached skill level 1 in Fighting
   403 | D:1      | Reached XP level 2. HP: 20/24 MP: 0/4
   491 | D:1      | Reached skill level 2 in Fighting
  1328 | D:2      | Reached skill level 3 in Fighting
  1344 | D:2      | Reached XP level 3. HP: 29/31 MP: 1/5
  1620 | D:2      | Reached skill level 1 in Axes
  1933 | D:2      | HP: 5/31 [worm (9)]
  1961 | D:2      | HP: 4/31 [hobgoblin/club (2)]
  2007 | D:2      | Reached skill level 2 in Axes
  2286 | D:2      | Reached XP level 4. HP: 33/38 MP: 1/6
  2444 | D:3      | Reached skill level 3 in Axes
  2722 | D:3      | Reached skill level 4 in Fighting
  2722 | D:3      | Reached XP level 5. HP: 38/46 MP: 0/7
  3093 | D:3      | Found a runed door.
  3167 | D:3      | Noticed Sigmund
  3182 | D:3      | HP: 7/46 [Sigmund/magic dart (7)]
  3184 | D:3      | Slain by Sigmund

Skill      XL: |  1  2  3  4 |
---------------+-------------+-----
Fighting       | 1 3 4 |  4.2
Axes           | 2 3 |  3.8
Dodging        | |  1.5
Stealth        | |  1.5
Spellcasting   | |  1.5
Necromancy     | |  4.0

Action                   |  1- 3 |  4- 6 || total
-------------------------+-------+-------++-------
Melee: Dagger            |    18 |       ||    18
       Hand axe          |    26 |    44 ||    70
       War axe           |       |    11 ||    11
 Cast: Pain              |    69 |    27 ||    96
  Use: Potion            |       |     2 ||     2
 Stab: Sleeping          |     1 |       ||     1
       Invisible         |       |     3 ||     3
  Eat: Chunk             |     4 |     5 ||     9
Armor: Robe              |     5 |     9 ||    14
Dodge: Dodged            |    44 |    31 ||    75

Vault maps used:
D:1:      dpeg_arrival_orchard
D:3:      uniq_crazy_yiuf_cottage, uniq_sigmund

Table legend:
 A = Turns spent in this place as a percentage of turns spent in the entire game.
 B = Non-inter-level travel turns spent in this place as a percentage of non-inter-level travel turns spent in the entire game.
 C = Inter-level travel turns spent in this place as a percentage of turns spent in this place.
 D = Turns resting spent in this place as a percentage of non-inter-level travel turns spent in this place.
 E = Turns spent auto-exploring this place as a percentage of non-inter-level travel turns spent in this place.
 F = Non-inter-level travel turns spent in this place divided by the number of levels of this place that you've seen.
                   A       B       C       D       E      F
               +-------+-------+-------+-------+-------+----------------------
         Total | 100.0 | 100.0 |   0.2 |   4.0 |   7.5 | 323.3
       Dungeon | 100.0 | 100.0 |   0.2 |   4.0 |   7.5 | 323.3
               +-------+-------+-------+-------+-------+----------------------

Table legend:
 A = Kills in this place as a percentage of kills in entire the game.
 B = Kills by you in this place as a percentage of kills by you in the entire game.
 C = Kills by friends in this place as a percentage of kills by friends in the entire game.
 D = Other kills in this place as a percentage of other kills in the entire game.
 E = Experience gained in this place as a percentage of experience gained in the entire game.
 F = Experience gained in this place divided by the number of levels of this place that you have seen.
                   A       B       C       D       E      F
               +-------+-------+-------+-------+-------+----------------------
         Total | 100.0 | 100.0 |  -nan |  -nan | 100.0 |  65.3
       Dungeon | 100.0 | 100.0 |  -nan |  -nan | 100.0 |  65.3
               +-------+-------+-------+-------+-------+----------------------
